 Dungeon Crawl Stone Soup version 0.21.1-1-g345015f (webtiles) character file.

130 sasquatchimus the Skirmisher (level 5, -1/47 HPs)
             Began as a Hill Orc Fighter on July 4, 2018.
             Killed by nerve-wracking pain
             ... invoked by Grinder
              (12 damage)
             ... on level 3 of the Dungeon.
             The game lasted 00:04:53 (2009 turns).

sasquatchimus the Skirmisher (Hill Orc Fighter)     Turns: 2009, Time: 00:04:54

Health: -1/47      AC:  9    Str: 20    XL:     5   Next: 13%
Magic:  5/5        EV:  7    Int:  8    God:
Gold:   121        SH:  9    Dex: 10    Spells: 4/4 levels left

rFire    . . .     SeeInvis .   a - +0 long sword
rCold    . . .     Gourm    .   c - +0 shield
rNeg     . . .     Faith    .   b - +0 scale mail
rPois    .         Spirit   .   (no helmet)
rElec    .         Reflect  .   (no cloak)
rCorr    .         Harm     .   g - +1 pair of gloves
MR       .....                  (no boots)
Stlth    ..........             (no amulet)
HPRegen  0.15/turn              (no ring)
MPRegen  0.09/turn              (no ring)

@: no status effects
A: no striking features
a: no special abilities


You were on level 3 of the Dungeon.
You were not hungry.

You visited 1 branch of the dungeon, and saw 3 of its levels.

You collected 121 gold pieces.

Inventory:

Hand Weapons
 a - a +0 long sword (weapon)
Armour
 b - a +0 scale mail (worn)
 c - a +0 shield (worn)
 g - a +1 pair of gloves (worn)
Scrolls
 e - 4 scrolls of identify {unknown}
 h - a scroll of fear {unknown}
 i - 5 scrolls of remove curse {unknown}
 j - a scroll of blinking {unknown}
 k - a scroll of noise {unknown}
 m - a scroll of amnesia {unknown}
Potions
 d - a potion of might
 l - a potion of curing {unknown}
 n - a potion of degeneration {unknown}
 o - a potion of haste {unknown}
 p - 2 potions of cancellation {unknown}
Comestibles
 f - 3 rations


   Skills:
 + Level 4.8 Fighting
 * Level 4.8 Long Blades
 - Level 3.2 Armour
 - Level 3.2 Shields


You had 4 spell levels left.
You didn't know any spells.

Dungeon Overview and Level Annotations

Branches:
Dungeon (3/15)

Altars:

Annotations:
D:3 Grinder; NewPlayer's ghost, amateur DsFi; Robin


Message History

Grinder hits you!
You writhe in agony.
You are too injured to fight recklessly!
You are too injured to fight recklessly!
Firing (i - inventory): No suitable missiles.
Press: ? - help, Shift-Dir - straight line, f - Grinder
Aim: Grinder (severely wounded)
Okay, then.
Your shield and scale mail prevent you from hitting Grinder.
Grinder is severely wounded.
Grinder gestures at you. Pain shoots through your body!
* * * LOW HITPOINT WARNING * * *
You hit Grinder.
Grinder is almost dead.
Grinder hits you but does no damage. x2
You hit Grinder.
Grinder is almost dead.
Grinder gestures at you. Pain shoots through your body!
You die...

#.. #. ...#.## ## .....
##. .#.# ##..
######..########### #...
##.................###.#<
##.......)).........##..#.
#.........5..)......#..##.
#.......?@................
#.........................
#.......................##
#...................#####
##..................#
##.................#
###########.......#
#########


You could see Grinder.

Vanquished Creatures
  Natasha (D:3)
  4 adders
  3 worms (D:2)
  A dart slug (D:3)
  A leopard gecko (D:2)
  3 orcs (D:3)
  A ball python (D:2)
  3 bats (D:1)
  4 giant cockroaches
  3 goblins (D:1)
  8 hobgoblins
  4 jackals
  2 quokkas (D:2)
  3 frilled lizards
  7 kobolds
  5 rats
53 creatures vanquished.

Notes
Turn   | Place    | Note
-------+----------+-------------------------------------------
     0 | D:1      | sasquatchimus the Hill Orc Fighter began the quest for the Orb.
     0 | D:1      | Reached XP level 1. HP: 19/19 MP: 1/1
    43 | D:1      | Reached XP level 2. HP: 5/27 MP: 2/2
   797 | D:2      | Reached XP level 3. HP: 33/33 MP: 3/3
   930 | D:2      | Reached XP level 4. HP: 23/41 MP: 4/4
  1633 | D:3      | Noticed NewPlayer's ghost (amateur DsFi)
  1654 | D:3      | Noticed Robin
  1727 | D:3      | Noticed Natasha
  1738 | D:3      | Killed Natasha
  1742 | D:3      | Reached XP level 5. HP: 30/47 MP: 5/5
  1970 | D:3      | Noticed Grinder
  2009 | D:3      | Killed from afar by Grinder

Skill      XL: |  1  2  3 |
---------------+----------+-----
Long Blades    | 3 4 |  4.8
Fighting       | 4 |  4.8
Armour         | |  3.2
Shields        | |  3.2

Action                   |  1- 3 |  4- 6 || total
-------------------------+-------+-------++-------
Melee: Long sword        |   153 |    89 ||   242
  Eat: Chunk             |       |     2 ||     2
       Ration            |       |     1 ||     1
Armor: Scale mail        |    76 |    42 ||   118
Dodge: Dodged            |    40 |    21 ||    61
Block: Shield            |    81 |    48 ||   129
       Rpst.: Long sword |    16 |    12 ||    28
